 Dungeon Crawl Stone Soup version 0.31-a0-963-ga325b2283a (webtiles) character file.

Game seed: 7666924023200825645

173 strifetoe the Cudgeller (level 5, -1/43 HPs)
             Began as an Armataur Warper on Oct 25, 2023.
             Slain by a gnoll
             ... wielding a +0 spear
             ... led by a gnoll bouda
              (6 damage)
             ... on level 4 of the Dungeon.
             The game lasted 00:04:22 (3168 turns).

strifetoe the Cudgeller (Armataur Warper)           Turns: 3168, Time: 00:04:23

Health: -1/43      AC:  4    Str: 19    XL:     5   Next: 28%
Magic:  0/7        EV:  9    Int: 13    God:
Gold:   104        SH:  0    Dex:  9    Spells: 7/7 levels left

rFire   . . .        a - +1 mace
rCold   . . .        (no shield)
rNeg    . . .        b - +0 leather armour
rPois   .            (no helmet)
rElec   .            (no cloak)
rCorr   .            (no gloves)
SInv    .            (no barding)
Will    .....        f - amulet of guardian spirit
Stlth   ++           (no ring)
HPRegen 0.27/turn    (no ring)
MPRegen 0.10/turn

%: guardian spirit, roll
@: no status effects
A: large, rugged brown scales 3, deformed body, armoured tail, roll, long
tongue, awkward tongue
a: no special abilities


You were on level 4 of the Dungeon.
You visited 1 branch of the dungeon, and saw 4 of its levels.

You collected 104 gold pieces.

Inventory:

Hand Weapons
 a - a +1 mace (weapon)
 u - a +0 war axe
Missiles
 d - 7 darts of dispersal (quivered)
 n - 10 poisoned darts
 q - 5 curare-tipped darts
Armour
 b - a +0 leather armour (worn)
 h - a +0 buckler
 v - a +0 chain mail
Jewellery
 f - an amulet of guardian spirit (around neck)
 i - a ring of ice
Scrolls
 c - a scroll of blinking
 e - a scroll of silence {unknown}
 g - 3 scrolls of identify
 j - 2 scrolls of torment {unknown}
 k - a scroll of fog {unknown}
 p - a scroll of enchant weapon
 x - a scroll of noise {unknown}
Potions
 l - a potion of heal wounds
 m - a potion of mutation
 o - a potion of brilliance
 r - 3 potions of ambrosia
 s - a potion of attraction {unknown}
 t - 2 potions of resistance {unknown}
 w - a potion of might {unknown}


   Skills:
 - Level 1.7 Fighting
 + Level 3.7 Maces & Flails
 - Level 0.8 Throwing
 - Level 1.2 Armour
 - Level 1.3 Dodging
 + Level 2.8 Stealth
 + Level 2.6 Shields
 - Level 1.7 Spellcasting
 - Level 3.0 Translocations


You had 7 spell levels left.
You didn't know any spells.
Your spell library contained the following spells:

 Spells                   Type           Power      Damage    Failure   Level
 Blink                    Tloc           16%        N/A       14%         2
 Lesser Beckoning         Tloc           16%        N/A       14%         2
 Teleport Other           Tloc           8%         N/A       26%         3
 Manifold Assault         Tloc           8%         N/A       65%         4
 Vhi's Electric Charge    Tloc/Air       10%        N/A       86%         4


Dungeon Overview and Level Annotations

Branches:
Dungeon (4/15)
 Temple: D:4-7

Altars:
Dithmenos
Xom

Shops:
D:3 (

Annotations:
D:4 Sigmund


Innate Abilities, Weirdness & Mutations

You are completely covered in rugged brown scales. (AC +3, +7% HP)
Armour fits poorly on your strangely shaped body.
You have a long armoured tail.
You roll when moving toward enemies. (Rampage)
Your long tongue fully drains potion bottles. (2x potion effects)
Your tongue gives you trouble enunciating. (1.5x scroll delay)


Message History

The gnoll barely misses you.
You hit the gnoll but do no damage.
The gnoll is almost dead.
The gnoll hits you with a +0 spear.
You hit the gnoll bouda.
The gnoll bouda is moderately wounded.
The gnoll hits you from afar with a +0 spear.
Unknown command.
You barely miss the gnoll bouda.
Your tail-slap misses the gnoll bouda.
The gnoll bouda is moderately wounded.
The gnoll hits you from afar with a +0 spear.
The gnoll bouda hits you with a +0 club.
Unknown command.
You closely miss the gnoll bouda. You punch the gnoll bouda.
The gnoll bouda is moderately wounded.
The gnoll hits you from afar with a +0 spear.
* * * LOW HITPOINT WARNING * * *
The gnoll bouda hits you with a +0 club.
* * * LOW HITPOINT WARNING * * *
The gnoll closely misses you.
You feel much better.
You slurp down every last drop of the potion of heal wounds!
The gnoll bouda completely misses you. The gnoll barely misses you.
You closely miss the gnoll bouda.
The gnoll bouda is moderately wounded.
The gnoll bouda hits you with a +0 club!
The gnoll hits you from afar with a +0 spear!
The gnoll bouda hits you with a +0 club!
You closely miss the gnoll bouda. Your punch misses the gnoll bouda.
The gnoll bouda is moderately wounded.
The gnoll hits you but does no damage.
The gnoll bouda hits you with a +0 club!
You sock the gnoll bouda! You tail-slap the gnoll bouda.
You kill the gnoll bouda!
The gnoll hits you from afar with a +0 spear!
* * * LOW HITPOINT WARNING * * *
You roll towards the gnoll!
You barely miss the gnoll.
The gnoll is almost dead.
The gnoll hits you with a +0 spear!
You die...

#.....##.#.....P♣
#.........<.#..♣♣
########.#####♣♣ #.#
####.#### #.......####
#.##.#####.#
##########.##.......##
#..gg@.....#####......
#....g######## #.####.
###.. #...... ##
#..#.#. #..>...
##.#### #..... ######


You could see 3 gnolls.

Vanquished Creatures
  A gnoll bouda (D:4)
  Jessica (D:2)
  A gnoll (D:1)
  2 adders
  A white imp (D:4)
  A worm (D:2)
  4 dart slugs
  3 orcs
  2 endoplasms
  3 giant cockroaches (D:1)
  10 goblins
  2 hobgoblins
  11 jackals
  3 kobolds
  4 quokkas
  4 ball pythons
  7 bats
  6 frilled lizards
  3 rats (D:1)
69 creatures vanquished.

Notes
Turn   | Place    | Note
-------+----------+-------------------------------------------
     0 | D:1      | strifetoe the Armataur Warper began the quest for the Orb.
     0 | D:1      | Reached XP level 1. HP: 18/18 MP: 3/3
    32 | D:1      | You fall into a shaft and drop 1 floor!
   380 | D:2      | Reached XP level 2. HP: 22/25 MP: 4/4
   577 | D:1      | Reached XP level 3. HP: 10/31 MP: 2/5
   584 | D:1      | Reached skill level 1 in Stealth
   718 | D:1      | Reached skill level 1 in Shields
  1570 | D:2      | Reached XP level 4. HP: 31/38 MP: 6/6
  1902 | D:2      | Noticed Jessica
  1909 | D:2      | Killed Jessica
  2336 | D:3      | Found a shimmering altar of Xom.
  2556 | D:3      | Found Masazxen's Antique Weapon Boutique.
  2602 | D:3      | Found a shadowy altar of Dithmenos.
  2953 | D:4      | Noticed a phantom
  2969 | D:3      | Reached XP level 5. HP: 32/43 MP: 3/7
  3032 | D:4      | Noticed Sigmund
  3034 | D:4      | Noticed a black bear
  3168 | D:4      | Slain by a gnoll

Illustrated notes

Levels and vault maps discovered:
D:1:      beargit_arrival_diablo_church, layout_loops_ring, serial_bayou_ford_a
D:2:      layout_loops_corners, uniq_jessica
D:3:      layout_loops_ring, mainiacjoe_overflow_boulevard,
          mainiacjoe_overflow_alcove_4, serial_shops, shop_fountains
D:4:      layout_loops_cross, grunt_temple_overflow_holy_war,
          minmay_temple_entry_waves, uniq_robin, uniq_sigmund,
          uniq_crazy_yiuf_cottage

Skill      XL: |  1  2  3  4 |
---------------+-------------+-----
Maces & Flails | 2 3 |  3.7
Stealth        | 1 2 |  2.8
Shields        | 1 2 |  2.6
Fighting       | |  1.7
Throwing       | |  0.8
Armour         | |  1.2
Dodging        | |  1.3
Spellcasting   | |  1.7
Translocations | |  3.0

Action                     |  1- 3 |  4- 6 || total
---------------------------+-------+-------++-------
  Melee: Mace              |   158 |   112 ||   270
         Tailslap          |    11 |    13 ||    24
         Punch             |       |     4 ||     4
    Use: Scroll            |     5 |       ||     5
         Potion            |       |     1 ||     1
   Stab: Sleeping          |     1 |     1 ||     2
 Armour: Leather armour    |   128 |   104 ||   232
  Dodge: Dodged            |   114 |    53 ||   167

Table legend: (Time is in decaauts)
 A = Elapsed time spent in this place.
 B = Non-inter-level travel time spent in this place.
 C = Inter-level travel time spent in this place.
 D = Time resting spent in this place.
 E = Time spent auto-exploring this place.
 F = Levels seen in this place.
 G = Mean time per level.
                   A        B        C        D        E       F      G
               +--------+--------+--------+--------+--------+-----+--------+
         Total |   3237 |   3186 |     51 |    389 |   2181 |   4 |  809.2 |
       Dungeon |   3237 |   3186 |     51 |    389 |   2181 |   4 |  809.2 |
               +--------+--------+--------+--------+--------+-----+--------+

Top non-repeatable levels by time:
     D:2: 1189 daAuts
     D:1: 1057 daAuts
     D:3: 841 daAuts
     D:4: 149 daAuts
